 Dungeon Crawl Stone Soup version 0.28.0-43-g3370ac3207 (webtiles) character file.

Game seed: 14664020270727062833

100 Bruhh the Magician (level 4, 0/30 HPs)
             Began as a Merfolk Summoner on Mar 29, 2022.
             Succumbed to a kobold's poison
             ... on level 3 of the Dungeon.
             The game lasted 00:06:52 (3846 turns).

Bruhh the Magician (Merfolk Summoner)               Turns: 3846, Time: 00:06:53

Health: 0/30       AC:  2    Str:  8    XL:     4   Next: 74%
Magic:  9/10       EV: 12    Int: 16    God:
Gold:   79         SH:  0    Dex: 14    Spells: 8/11 levels left

rFire   . . .      SeeInvis .   j - +0 long sword
rCold   . . .      Faith    .   (no shield)
rNeg    . . .      Spirit   .   a - +0 robe
rPois   .          Reflect  .   (no helmet)
rElec   .          Harm     .   (no cloak)
rCorr   .          Rampage  .   (no gloves)
Will    .....                   (no boots)
Stlth   ++........              (no amulet)
HPRegen 0.10/turn               (no ring)
MPRegen 0.12/turn               (no ring)

@: brilliant, lethally poisoned (0 -> -4), invisible
A: (nimble swimmer 2), mertail, wild magic 1
a: no special abilities


You were on level 3 of the Dungeon.
You visited 1 branch of the dungeon, and saw 3 of its levels.

You collected 79 gold pieces.

Inventory:

Hand Weapons
 g - a +0 dagger
 j - a +0 long sword (weapon)
Armour
 a - a +0 robe (worn)
Scrolls
 b - a scroll of holy word {unknown}
 f - a scroll of immolation {unknown}
 i - a scroll of noise {unknown}
 l - a scroll of identify {unknown}
 m - a scroll of enchant armour {unknown}
 p - a scroll of silence {unknown}
Potions
 e - a potion of might {unknown}
 h - a potion of mutation
 n - a potion of heal wounds {unknown}
 o - a potion of attraction {unknown}


   Skills:
 - Level 2.6 Dodging
 - Level 2.1 Stealth
 + Level 4.4 Spellcasting
 - Level 4.0 Summonings


You had 8 spell levels left.
You knew the following spells:

 Your Spells              Type           Power      Damage    Failure   Level
a - Summon Small Mammal   Summ           100%       N/A       5%          1
b - Call Imp              Summ           31%        N/A       8%          2

Your spell library contained the following spells:

 Spells                   Type           Power      Damage    Failure   Level
 Call Canine Familiar     Summ           31%        N/A       14%         3
 Summon Guardian Golem    Hex/Summ       19%        N/A       30%         3
 Summon Lightning Spire   Summ/Air       19%        N/A       65%         4


Dungeon Overview and Level Annotations

Branches:
Dungeon (3/15)

Altars:
Kikubaaqudgha

Annotations:
D:3 1 runed translucent door, bworf's ghost, amateur HOMo


Innate Abilities, Weirdness & Mutations

((You are very nimble when in or above water. (Stealth+, EV+, Speed+++)))
Your lower body shifts to a powerful aquatic tail in water.
Your spells are a little harder to cast, but a little more powerful.


Message History

Attack!
You feel sick.
Your rat closely misses the kobold.
The iguana splashes around in the water.
Your crimson imp hits the iguana.
You hit the kobold but do no damage.
You feel sick.
You are no longer poisoned.
Your rat splashes around in the water.
The kobold hits you with a +2 short sword of speed.
Your rat barely misses the kobold.
You closely miss the kobold.
The kobold hits you with a +2 short sword of speed.
* * * LOW HITPOINT WARNING * * *
Your crimson imp hits the iguana.
Your rat bites the kobold but does no damage.
The kobold hits you with a +2 short sword of speed.
* * * LOW HITPOINT WARNING * * *
The iguana barely misses your rat. The iguana bites your rat.
Your rat dies!
Your rat's corpse disappears in a puff of smoke!
The kobold throws a poisoned dart.
The poisoned dart hits you!
You are lethally poisoned!
Something bites your crimson imp!
It was a potion of mutation.
You feel extremely strange.
You feel less in control of your magic.
* * * LOW HITPOINT WARNING * * *
You feel sick.
Your crimson imp blinks!
The kobold throws a poisoned dart.
The poisoned dart barely misses you.
It was a potion of cancellation.
You feel magically purged.
* * * LOW HITPOINT WARNING * * *
You feel sick.
The kobold throws a poisoned dart.
The poisoned dart closely misses you.
It was a potion of brilliance.
You feel clever all of a sudden.
* * * LOW HITPOINT WARNING * * *
You feel sick.
Your crimson imp blinks!
It was a potion of invisibility.
You fade into invisibility!
You die...

...#._≈....⌠....# #..........
...#...≈........# #..........
....#...≈..≈.....#
#.....####. #..≈≈≈≈...#.#
#####..# ## ##..≈≈≈≈...#.#
##.# # .#..≈≈≈≈†5..#.# #.# #
...⌠.≈......#.###### #.# #
.#........###.#..5.#####.####
##...#...lK@.§..............
##..#.#####.#....######.###
## #)# #.#....# #..## #.#
#.#....# #####+## #.#
#.#....# #.......
#.#####.#....# #.......
#.......#5...# #....(..
#######......# #.......
#....### #......>


You could see an iguana, a kobold (ally target) and a friendly crimson imp
(summoned).

Vanquished Creatures
  A dart slug (D:2)
  2 bats (D:1)
  A goblin (D:1)
  2 hobgoblins (D:2)
  3 quokkas
  A ball python (D:2)
  A frilled lizard (D:1)
  A kobold (D:2)
  5 rats (D:1)
17 creatures vanquished.

Vanquished Creatures (collateral kills)
  Terence (D:2)
  2 adders
  A worm (D:3)
  2 orcs (D:3)
  4 endoplasms
  2 giant cockroaches
  A goblin (D:3)
  5 hobgoblins
  2 quokkas
  4 ball pythons
  2 bats (D:1)
  A frilled lizard (D:1)
  A kobold (D:1)
  6 rats (D:1)
34 creatures vanquished.

Grand Total: 51 creatures vanquished

Notes
Turn   | Place    | Note
-------+----------+-------------------------------------------
     0 | D:1      | Bruhh the Merfolk Summoner began the quest for the Orb.
     0 | D:1      | Reached XP level 1. HP: 13/13 MP: 3/3
   274 | D:1      | Reached XP level 2. HP: 14/19 MP: 2/5
   407 | D:1      | Found a faded altar of an unknown god.
   532 | D:1      | Learned a level 2 spell: Call Imp
  1364 | D:1      | Reached XP level 3. HP: 17/24 MP: 7/7
  2614 | D:2      | Noticed Terence
  2637 | D:2      | Killed Terence
  2638 | D:2      | Reached XP level 4. HP: 5/30 MP: 5/10
  3514 | D:3      | Noticed an ogre
  3579 | D:3      | Found a runed translucent door.
  3580 | D:3      | Noticed bworf's ghost (amateur HOMo)
  3826 | D:3      | Found an ancient bone altar of Kikubaaqudgha.
  3843 | D:3      | Gained mutation: Your spells are a little harder to cast,
                  | but a little more powerful. [potion of mutation]
  3845 | D:3      | HP: 1/30 [poisoned by a kobold]
  3846 | D:3      | Succumbed to a kobold's poison

Illustrated notes

Levels and vault maps discovered:
D:1:      dpeg_arrival_ratfight, layout_basic, ebering_ecumenical_altar_hall,
          minmay_misc_feat_room
D:2:      layout_basic, minmay_pentomino_t2, uniq_terence
D:3:      layout_basic, kiku_gazebo_pond_becter, elyvilon_altar_3,
          hellmonk_ghost_happy_afterlife

Skill      XL: |  1  2  3 |
---------------+----------+-----
Spellcasting   | 3 4 |  4.4
Dodging        | |  2.6
Stealth        | |  2.1
Summonings     | |  4.0

Action                   |  1- 3 |  4- 6 || total
-------------------------+-------+-------++-------
Melee: Unarmed           |    90 |       ||    90
       Dagger            |    16 |       ||    16
       Long sword        |    10 |    28 ||    38
 Cast: Summon Small Mamm |    26 |     9 ||    35
       Call Imp          |    13 |     7 ||    20
  Use: Potion            |       |     4 ||     4
 Stab: Sleeping          |     4 |     1 ||     5
Armor: Robe              |    34 |     3 ||    37
Dodge: Dodged            |   102 |    21 ||   123
